 Dungeon Crawl Stone Soup version 0.24-a0-375-g4de66ed42b (webtiles) character file.

Game seed: 18242468381545924647

101 Nemeczejeeee the Ruffian (level 4, -3/44 HPs)
             Began as a Troll Monk on May 31, 2019.
             Slain by a worm (7 damage)
             ... on level 2 of the Dungeon.
             The game lasted 00:01:11 (311 turns).

Nemeczejeeee the Ruffian (Troll Monk)                Turns: 311, Time: 00:01:12

Health: -3/44      AC:  6    Str: 19    XL:     4   Next: 48%
Magic:  3/3        EV: 11    Int:  6    God:
Gold:   20         SH:  0    Dex: 13    Spells: 3/3 levels left

rFire    . . .     SeeInvis .     - Unarmed
rCold    . . .     Gourm    +   (no shield)
rNeg     . . .     Faith    .   a - +0 robe
rPois    .         Spirit   .   (helmet restricted)
rElec    .         Reflect  .   (no cloak)
rCorr    .         Harm     .   (gloves unavailable)
MR       .....                  (boots unavailable)
Stlth    ++........             (no amulet)
HPRegen  0.54/turn              (no ring)
MPRegen  0.08/turn              (no ring)

@: no status effects
A: large, unfitting armour, claws 3, fast metabolism 3, gourmand, regeneration
1, shaggy fur 1, tough skin 3
a: no special abilities


You were on level 2 of the Dungeon.
You were not hungry.

You visited 1 branch of the dungeon, and saw 2 of its levels.

You collected 20 gold pieces.

Inventory:

Armour
 a - a +0 robe (worn)
Scrolls
 c - a scroll of magic mapping {unknown}
 e - 2 scrolls of immolation {unknown}
 f - a scroll of teleportation {unknown}
 g - a scroll of identify {unknown}
Potions
 d - a potion of agility {unknown}
 h - a potion of berserk rage {unknown}
Comestibles
 b - 2 rations


   Skills:
 + Level 2.9 Fighting
 + Level 3.2 Dodging
 + Level 1.1 Stealth
 + Level 4.0 Unarmed Combat


You had 3 spell levels left.
You didn't know any spells.
Your spell library was empty.

Dungeon Overview and Level Annotations

Branches:
Dungeon (1/15)

Altars:


Innate Abilities, Weirdness & Mutations

You are too large for most types of armour.
You have claws for hands.
Your metabolism is lightning-fast.
You like to eat raw meat.
Your natural rate of healing is unusually fast.
You are covered in fur. (AC +1)
You have extremely tough skin. (AC +3)


Message History

You closely miss the orc. You claw the orc!
You kill the orc!
You claw the orc!
You kill the orc!
You miss the kobold. The kobold hits you but does no damage.
You miss the kobold. The kobold barely misses you.
You scratch the kobold.
The kobold is moderately wounded.
The kobold misses you.
You claw the kobold!
You kill the kobold!
The worm bites you!
* * * LOW HITPOINT WARNING * * *
Items here: ))) [ † a +0 whip; a +0 hand axe; a +0 ring mail; a +0 morningstar; a kobold corpse You completely miss the worm.
You claw the worm!
The worm is almost dead.
The worm bites you!
You die...

... #.. #.# #.# #.# #.#
#.# # #)# .. ###.#####@#
##.. ........#w#
#####.#.. .
.......(#.####....#..#.#
............)...#...#..#
#########...##....#....#
#...........#...#
#........[w...#
#..........#...#
#############.....#


You could see a worm.

Vanquished Creatures
  3 orc wizards (D:2)
  An adder (D:2)
  An ooze (D:1)
  A dart slug (D:1)
  2 leopard geckos (D:1)
  2 orcs (D:2)
  3 bats (D:1)
  A kobold (D:2)
  3 rats (D:1)
17 creatures vanquished.

Notes
Turn   | Place    | Note
-------+----------+-------------------------------------------
     0 | D:1      | Nemeczejeeee the Troll Monk began the quest for the Orb.
     0 | D:1      | Reached XP level 1. HP: 22/22 MP: 0/0
   129 | D:1      | Reached XP level 2. HP: 26/29 MP: 1/1
   248 | D:1      | You fall into a shaft and drop 1 floor!
   290 | D:2      | Reached XP level 3. HP: 8/36 MP: 2/2
   296 | D:2      | Reached XP level 4. HP: 9/44 MP: 3/3
   301 | D:2      | Reached skill level 4 in Unarmed Combat
   311 | D:2      | Slain by a worm

Levels and vault maps discovered:
D:1:      lemuel_arrival_broad_hall, layout_loops_ring
D:2:      layout_rooms, minitemple, chequers_ecumenical_altar_simple, hex_tiny

Skill      XL: |  1  2  3  4 |
---------------+-------------+-----
Dodging        | 3 |  3.2
Unarmed Combat | 4 |  4.0
Fighting       | |  2.9
Stealth        | |  1.1

Action                   |  1- 3 |  4- 6 || total
-------------------------+-------+-------++-------
Melee: Unarmed           |    40 |    13 ||    53
       Punch             |       |     1 ||     1
 Stab: Sleeping          |     1 |       ||     1
  Eat: Chunk             |     1 |       ||     1
Armor: Robe              |    30 |       ||    30
Dodge: Dodged            |    28 |     3 ||    31

Table legend:
 A = Non-vault XP
 B = Vault XP
 C = Vault XP percentage of total XP
 D = Non-vault monster count
 E = Vault monster count
 F = Vault count percentage of total count
                 A         B        C        D         E       F
            +---------+---------+-------+---------+---------+-------
      Total |     145 |       0 |   0.0 |      17 |       0 |   0.0
            +---------+---------+-------+---------+---------+-------
        D:1 |      25 |       0 |   0.0 |      10 |       0 |   0.0
        D:2 |     120 |       0 |   0.0 |       7 |       0 |   0.0
            +---------+---------+-------+---------+---------+-------
